 Seeded DCSS version 0.30.0-18-gc0e69614cb (webtiles) character file.

Game seed: 5 (custom seed)

2081 Kazon the Sneak (level 9, -3/59 HPs)
             Began as an Octopode Fighter on May 25, 2023.
             Was a Believer of Okawaru.
             Slain by a wight
             ... wielding a +0 dire flail
              (8 damage)
             ... on level 7 of the Dungeon.
             The game lasted 00:20:02 (3837 turns).

Kazon the Sneak (Octopode Fighter)                  Turns: 3837, Time: 00:20:03

Health: -3/59      AC:  1    Str: 25    XL:     9   Next: 27%
Magic:  0/20       EV: 15    Int: 10    God:    Okawaru [**....]
Gold:   284        SH:  6    Dex: 20    Spells: 8/8 levels left

rFire   . . .        v - +0 hand axe (vamp)
rCold   . . .        b - +0 buckler
rNeg    . . .        d - +0 hat of the Trombone {Str+8}
rPois   .            D - amulet of guardian spirit
rElec   .            r - ring of magical power
rCorr   .            x - +6 ring of dexterity
SInv    .            (no ring)
Will    .....        (no ring)
Stlth   +++++        (no ring)
HPRegen 0.29/turn    (no ring)
MPRegen 0.17/turn    (no ring)
                     (no ring)

%: guardian spirit
@: flying
A: almost no armour, amphibious, 8 rings, camouflage 1, gelatinous body 1,
(nimble swimmer 1), tentacles
a: Renounce Religion, Heroism


You were on level 7 of the Dungeon.
You worshipped Okawaru.
Okawaru was pleased with you.
You visited 2 branches of the dungeon, and saw 8 of its levels.

You collected 284 gold pieces.

Inventory:

Hand Weapons
 e - a +2 vampiric dagger
 f - a +0 hand axe of flaming
 j - a +0 long sword
 v - a +0 vampiric hand axe (weapon)
Missiles
 m - 11 boomerangs
 q - 13 stones (quivered)
 s - 5 poisoned darts
Armour
 b - a +0 buckler (worn)
 d - the +0 hat of the Trombone (worn) {Str+8}
   (You acquired it on level 1 of the Dungeon)

   Str:       It affects your strength (+8).
 i - a +0 tower shield
Jewellery
 r - a ring of magical power (left tentacle)
 x - a +6 ring of dexterity (right tentacle)
 D - an amulet of guardian spirit (around mantle)
Wands
 A - a wand of paralysis (8)
Scrolls
 a - a scroll of enchant armour {unknown}
 k - 3 scrolls of identify {unknown}
 n - 2 scrolls of teleportation {unknown}
 o - a scroll of blinking {unknown}
 p - 2 scrolls of magic mapping {unknown}
 w - a scroll of torment {unknown}
 y - a scroll of summoning {unknown}
 B - a scroll of amnesia {unknown}
 F - a scroll of poison {unknown}
Potions
 c - a potion of might
 g - a potion of magic {unknown}
 h - a potion of resistance {unknown}
 l - 3 potions of curing {unknown}
 t - 2 potions of invisibility {unknown}
 u - 3 potions of flight
 z - 2 potions of heal wounds {unknown}
 C - a potion of lignification {unknown}
 E - a potion of attraction {unknown}
 G - a potion of berserk rage {unknown}


   Skills:
 + Level 4.4 Fighting
 + Level 5.4 Short Blades
 + Level 4.2 Axes
 * Level 3.5 Throwing
 + Level 4.3 Dodging
 + Level 7.5 Stealth
 + Level 3.5 Shields
 * Level 3.8 Invocations
 * Level 3.3 Evocations


You had 8 spell levels left.
You didn't know any spells.
Your spell library contained the following spells:

 Spells                   Type           Power      Damage    Failure   Level
 Frozen Ramparts          Ice            0%         1d1       80%         3
 Ignite Poison            Fire/Tmut/Pois 0%         N/A       80%         3
 Ice Form                 Ice/Tmut       0%         N/A       99%         4
 Sticky Flame             Conj/Fire      0%         2d3       99%         4
 Eringya's Noxious Bog    Tmut/Pois      0%         N/A       100%        6
 Ignition                 Fire           0%         3d3       100%        8
 Summon Ice Beast         Ice/Summ       Unusable   N/A       N/A         4
 Summon Forest            Summ/Tloc      Unusable   N/A       N/A         5
 Summon Hydra             Summ           Unusable   N/A       N/A         7

Dungeon Overview and Level Annotations

Branches:
Dungeon (7/15)             Temple (1/1) D:4

Altars:
Dithmenos
Fedhas
Gozag
Hepliaklqana
Okawaru
Qazlal
Trog
Uskayaw
Wu Jian
Xom
The Shining One


Innate Abilities, Weirdness & Mutations

You cannot wear most types of armour.
You are amphibious.
You can wear up to eight rings at the same time.
Your skin changes colour to match your surroundings (Stealth+).
Your rubbery body absorbs attacks. (AC +1, EV +1)
((You are camouflaged when in or above water. (Stealth+)))
You have tentacles for arms and can constrict up to eight enemies at once.


Message History

The sky beast is moderately wounded.
The sky beast hits you. The sky beast shocks you.
* * * LOW HITPOINT WARNING * * *
Your +0 hand axe of flaming stops flaming.
You feel a sense of dread.
v - a +0 vampiric hand axe (weapon)
You hit the sky beast.
You feel better.
The sky beast is moderately wounded.
The sky beast completely misses you.
You gain the combat prowess of a mighty hero.
The sky beast hits you.
* * * LOW HITPOINT WARNING * * *
The sky beast shocks you.
* * * LOW HITPOINT WARNING * * *
You closely miss the sky beast.
The sky beast is moderately wounded.
You block the sky beast's attack.
You slash the sky beast!
You feel better.
You squeeze the sky beast!
You kill the sky beast!
Okawaru accepts your kill.
Found 6 boomerangs.
A black bear comes into view.
m - 11 boomerangs (gained 6)
You hear the slow hiss of a distant avalanche of sand.
You feel like a meek peon again.
A wight comes into view. It is wielding a +0 scimitar.
A wight comes into view. It is wielding a +0 dire flail.
A centaur comes into view.
The wight moves out of view.
The centaur shouts!
A killer bee comes into view.
The wight attacks as you move away!
The wight hits you with a +0 dire flail!
* * * LOW HITPOINT WARNING * * *
The wight attacks as you move away! The wight barely misses you.
It was a potion of flight.
You feel very buoyant.
You fly up into the air.
The wight hits you with a +0 dire flail!
You die...

#y #.........
######.. #.#
#..######.#
#....... .. #..#
.# #.####.# ..#z.#
##.## #.# #.#
.#..# ##...###.#
#.# c.. ..#..##.#
#.# #.# .... #.#
#.#
#.#######.#.##.#
#..
#.cz@.....#.##.#
###
#########.#.##.#
#......#.##.#
#.#####...#.######
#.# ##............
#.###.......######
#...........>...h
#.###.......####.
#.# ##......#


You could see a centaur and a wight.

Vanquished Creatures
  Sigmund (D:4)
  Duvessa (D:6)
  A water moccasin (D:6)
  A sky beast (D:7)
  2 black bears (D:4)
  A centaur (D:6)
  An ogre (D:5)
  2 scorpions
  7 wights (D:7)
  Dowan (D:6)
  A howler monkey (D:6)
  4 hounds
  3 orc priests (D:6)
  A jelly (D:5)
  6 iguanas
  3 orc wizards (D:6)
  4 gnolls (D:5)
  9 adders
  2 ufetubi
  3 worms
  15 orcs
  4 bats
  8 endoplasms
  A giant cockroach (D:1)
  12 goblins
  7 hobgoblins
  11 jackals
  3 kobolds
  3 quokkas (D:4)
  6 ball pythons
  3 frilled lizards
  4 rats
131 creatures vanquished.

Vanquished Creatures (others)
  An orc wizard (D:6)
1 creature vanquished.

Grand Total: 132 creatures vanquished

Notes
Turn   | Place    | Note
-------+----------+-------------------------------------------
     0 | D:1      | Kazon the Octopode Fighter began the quest for the Orb.
     0 | D:1      | Reached XP level 1. HP: 16/16 MP: 1/1
    33 | D:1      | Identified a scroll of acquirement
    33 | D:1      | Acquired the +0 hat of the Trombone {Str+8}
    55 | D:1      | Reached XP level 2. HP: 21/21 MP: 2/2
   340 | D:1      | Reached XP level 3. HP: 26/26 MP: 3/3
   873 | D:2      | Reached skill level 1 in Stealth
   997 | D:2      | Reached XP level 4. HP: 29/31 MP: 4/4
  1389 | D:2      | Reached skill level 2 in Stealth
  1553 | D:3      | Found a blossoming altar of Fedhas.
  1569 | D:3      | Reached XP level 5. HP: 36/36 MP: 5/5
  1735 | D:3      | Found a stormy altar of Qazlal.
  1817 | D:3      | Identified the +2 sling "Qeuhanocyt" {speed, rElec Str-3
                  | Dex+2}
  1836 | D:3      | Found a faded altar of an unknown god.
  1978 | D:4      | Found a staircase to the Ecumenical Temple.
  1986 | Temple   | Entered the Ecumenical Temple
  1999 | Temple   | Became a worshipper of Warmaster Okawaru
  2052 | D:4      | Reached skill level 1 in Short Blades
  2387 | D:4      | Noticed Sigmund
  2408 | D:4      | Killed Sigmund
  2409 | D:4      | Reached skill level 1 in Throwing
  2409 | D:4      | Reached skill level 3 in Stealth
  2409 | D:4      | Reached skill level 1 in Invocations
  2409 | D:4      | Reached XP level 6. HP: 33/43 MP: 7/7
  2432 | D:4      | Noticed a black bear
  2454 | D:4      | Reached * piety under Okawaru
  2460 | D:4      | Killed a black bear
  2461 | D:4      | Reached XP level 7. HP: 28/47 MP: 8/8
  2518 | D:4      | Found a hazy altar of Hepliaklqana.
  2520 | D:4      | Found a shadowy altar of Dithmenos.
  2521 | D:4      | Noticed a shadow
  2542 | D:4      | Reached skill level 4 in Stealth
  2765 | D:5      | Entered Level 5 of the Dungeon
  2881 | D:5      | Reached skill level 5 in Stealth
  2903 | D:5      | Reached skill level 1 in Evocations
  2950 | D:5      | Reached XP level 8. HP: 54/54 MP: 10/10
  2963 | D:5      | Reached skill level 6 in Stealth
  2970 | D:5      | Reached ** piety under Okawaru
  3170 | D:6      | Found a shimmering altar of Xom.
  3204 | D:6      | Noticed Dowan
  3213 | D:6      | Noticed Duvessa
  3223 | D:6      | Killed Duvessa
  3226 | D:6      | Killed Dowan
  3410 | D:6      | Reached skill level 5 in Short Blades
  3707 | D:7      | Reached skill level 7 in Stealth
  3707 | D:7      | Reached XP level 9. HP: 58/58 MP: 11/11
  3837 | D:7      | Slain by a wight

Illustrated notes

Levels and vault maps discovered:
D:1:      ebering_trefoil_3fold, layout_basic, st_stairs_14, serial_bayou_ford_a
D:2:      layout_basic, hangedman_decor_growths, minmay_close_crescents
D:3:      layout_rooms, mainiacjoe_overflow_concentric_impassable,
          mainiacjoe_overflow_paths, shapermc_ecumenical_altar_acropolis,
          chequers_serial_rivers_micro_b
D:4:      layout_basic, riverfiend_overflow_shadow_ancestor,
          minmay_temple_entry_glass, uniq_sigmund
D:5:      layout_gridville
D:6:      layout_basic, xom_teletrap_fun, uniq_duvessa
D:7:      layout_loops_ring, enter_ossuary_3, roderic_batcave
Temple:   nicolae_temple_elliptical

Skill      XL: |  1  2  3  4  5  6  7  8  9 |
---------------+----------------------------+-----
Stealth        | 1 2 3 5 7 |  7.5
Axes           | 3 4 |  4.2
Short Blades   | 1 2 5 |  5.4
Throwing       | 1 2 3 |  3.5
Invocations    | 1 2 3 |  3.8
Evocations     | 1 2 3 |  3.3
Dodging        | 4 |  4.3
Fighting       | 4 |  4.4
Shields        | |  3.5

Action                     |  1- 3 |  4- 6 |  7- 9 || total
---------------------------+-------+-------+-------++-------
  Melee: War axe           |    71 |    32 |       ||   103
         Constrict         |    20 |    20 |    30 ||    70
         Tentacles         |    10 |    16 |    34 ||    60
         Punch             |     1 |     1 |     1 ||     3
         Dagger            |       |    33 |    66 ||    99
         Hand axe          |       |       |    63 ||    63
  Throw: Stone             |       |    13 |    21 ||    34
         Boomerang         |       |       |     5 ||     5
 Invoke: Heroism           |       |       |     5 ||     5
    Use: Scroll            |     3 |       |       ||     3
         Potion            |       |       |     1 ||     1
   Stab: Sleeping          |     6 |     9 |    10 ||    25
 Armour: Skin              |     4 |     5 |     2 ||    11
  Dodge: Dodged            |    41 |    31 |    57 ||   129
  Block: Buckler           |    20 |     9 |    19 ||    48
